 Dungeon Crawl Stone Soup version 0.19.0-22-gd96e5fe (webtiles) character file.

570 Jannitor the Skirmisher (level 7, -5/55 HPs)
             Began as a Demonspawn Skald on Nov 18, 2016.
             Killed from afar by an orc (19 damage)
             ... with a wand of acid
             ... on level 4 of the Dungeon.
             The game lasted 00:07:33 (3930 turns).

Jannitor the Skirmisher (Demonspawn Skald)          Turns: 3930, Time: 00:07:33

Health: -5/55      AC:  4    Str: 11 (12) XL:     7   Next: 11%
Magic:  0/12       EV: 11    Int: 14 (16) God:
Gold:   154        SH:  4    Dex: 11 (12) Spells: 2 memorised, 10 levels left

rFire  . . .     SeeInvis .     a - +0 falchion
rCold  . . .     Gourm    .     b - +1 leather armour
rNeg   . . .     Faith    .     (no shield)
rPois  .         Spirit   +     (no helmet)
rElec  .         Reflect  .     (no cloak)
rCorr  .         Harm     .     (no gloves)
MR     +....                    (boots unavailable)
Stlth  +.........               (no amulet)
                                (no ring)
                                e - ring of protection from magic

@: very slightly contaminated, hasted, very quick
A: talons 3, large bone plates 1, magic shield
a: no special abilities


You were on level 4 of the Dungeon.
You were not hungry.

You visited 1 branch of the dungeon, and saw 4 of its levels.

You collected 154 gold pieces.

Inventory:

Hand Weapons
 a - a +0 falchion (weapon)
 p - a +1 long sword of holy wrath
Missiles
 j - 2 throwing nets (quivered)
Armour
 b - a +1 leather armour (worn)
 k - a +0 buckler
Jewellery
 e - a ring of protection from magic (left hand)
Scrolls
 g - a scroll of immolation {unknown}
 h - a scroll of remove curse
 l - a scroll of recharging {unknown}
 m - a scroll of amnesia {unknown}
 o - 2 scrolls of enchant armour
Books
 c - a book of Battle

   Spells                             Type                      Level
   a - Infusion                       Charms                       1
   b - Shroud of Golubria             Charms/Translocation         2
   c - Song of Slaying                Charms                       2
   d - Spectral Weapon                Hexes/Charms                 3
   e - Regeneration                   Charms/Necromancy            3
Comestibles
 d - 2 bread rations
 f - 2 beef jerkies
 i - 2 meat rations
 q - a chunk of flesh


   Skills:
 + Level 4.3 Fighting
 + Level 3.9 Long Blades
 - Level 0.8 Armour
 - Level 0.8 Dodging
 + Level 3.8 Spellcasting
 + Level 4.2 Charms


You had 10 spell levels left.
You knew the following spells:

 Your Spells              Type           Power        Failure   Level  Hunger
a - Infusion              Chrm           ##..         6%          1    None
b - Shroud of Golubria    Chrm/Tloc      #.........   17%         2    ##.....


Dungeon Overview and Level Annotations

Branches:
Dungeon (4/15)
 Temple: D:4-7

Altars:
Dithmenos
Fedhas
Kikubaaqudgha
Nemelex Xobeh
Zin

Shops:
D:4 *


Innate Abilities, Weirdness & Mutations

You have claws for feet.
You are partially covered in large bone plates. (SH +4)
When hurt, damage is shared between your health and your magic reserves.


Message History

The orc wizard is heavily wounded.
You block the orc wizard's attack.
You hit the orc wizard.
The orc wizard is severely wounded.
The orc wizard hits you with a dagger.
* * * LOW HITPOINT WARNING * * *
You hit the orc wizard.
The orc wizard is almost dead.
The orc wizard is no longer moving quickly.
The orc wizard hits you but does no damage.
You hit the orc wizard but do no damage.
Your kick misses the orc wizard.
The orc wizard is almost dead.
The orc wizard barely misses you.
You riposte.
You hit the orc wizard.
You kill the orc wizard!
The orc zaps a wand.
The bolt of acid hits the orc.
The orc is splashed with acid.
The acid corrodes the orc!
The orc dies!
The bolt of acid hits you!
You die...

#.........#......#
.o..#........#######
o #......<..##
##...#.....#
#...#.#..##
##..#.#o## ######)#
#)# ##@## #...#
##).## #....# ♣♣...♣
...♣♣ ♣♣.♣♣ .♣♣ ♣


You could see an orc.

Vanquished Creatures
  The ghost of SaintRoka the Ruffian, an amateur TrWz (D:3)
  An ice beast (D:4)
  A scorpion (D:4)
  A hound (D:4)
  An orc wizard (D:4)
  A worker ant (D:3)
  3 adders (D:2)
  3 gnolls
  An ooze (D:1)
  A worm (D:3)
  A dart slug (D:1)
  2 leopard geckos
  4 orcs
  2 giant cockroaches
  5 goblins
  8 hobgoblins
  2 jackals (D:2)
  2 quokkas
  2 ball pythons
  10 bats
  A frilled lizard (D:3)
  8 kobolds (D:1)
  7 rats
  A plant (D:1)
69 creatures vanquished.

Vanquished Creatures (others)
  An orc (D:4)
1 creature vanquished.

Grand Total: 70 creatures vanquished

Notes
Turn   | Place    | Note
-------+----------+-------------------------------------------
     0 | D:1      | Jannitor the Demonspawn Skald began the quest for the Orb.
     0 | D:1      | Reached XP level 1. HP: 16/16 MP: 3/3
   138 | D:1      | Gained mutation: You have sharp toenails. [demonic ancestry]
   138 | D:1      | Reached XP level 2. HP: 4/22 MP: 1/5
  1025 | D:1      | Gained mutation: You have razor-sharp toenails. [demonic ancestry]
  1025 | D:1      | Reached XP level 3. HP: 21/28 MP: 6/6
  1366 | D:2      | Found an ancient bone altar of Kikubaaqudgha.
  1437 | D:2      | Learned a level 2 spell: Shroud of Golubria
  1750 | D:2      | Found a shadowy altar of Dithmenos.
  2359 | D:3      | Noticed SaintRoka's ghost (amateur TrWz)
  2378 | D:2      | Gained mutation: You are partially covered in large bone plates. (SH +4) [demonic ancestry]
  2378 | D:2      | Reached XP level 4. HP: 29/34 MP: 3/7
  2465 | D:3      | Found a sparkling altar of Nemelex Xobeh.
  2740 | D:3      | Killed SaintRoka's ghost
  2740 | D:3      | Reached XP level 5. HP: 8/42 MP: 3/10
  2740 | D:3      | Gained mutation: You have claws for feet. [demonic ancestry]
  2740 | D:3      | Reached XP level 6. HP: 9/48 MP: 3/11
  3668 | D:4      | Found a blossoming altar of Fedhas.
  3669 | D:4      | Noticed an ice beast
  3682 | D:4      | Killed an ice beast
  3827 | D:4      | Gained mutation: When hurt, damage is shared between your health and your magic reserves. [demonic ancestry]
  3827 | D:4      | Reached XP level 7. HP: 45/54 MP: 12/12
  3842 | D:4      | Found Zin's Purification Station.
  3844 | D:4      | Found a glowing silver altar of Zin.
  3930 | D:4      | Killed from afar by an orc

Skill      XL: |  1  2  3  4  5  6 |
---------------+-------------------+-----
Long Blades    | 2 3 |  3.9
Charms         | 3 4 |  4.2
Fighting       | 3 4 |  4.3
Spellcasting   | 3 |  3.8
Armour         | |  0.8
Dodging        | |  0.8

Action                   |  1- 3 |  4- 6 |  7- 9 || total
-------------------------+-------+-------+-------++-------
Melee: Falchion          |   124 |   109 |    23 ||   256
       Kick              |    41 |    27 |     4 ||    72
 Cast: Infusion          |     7 |     6 |     1 ||    14
       Shroud of Golubri |     1 |     4 |     1 ||     6
  Use: Potion            |       |     6 |     2 ||     8
       Scroll            |       |     4 |       ||     4
  Eat: Chunk             |     5 |     2 |     2 ||     9
       Pizza             |       |     1 |       ||     1
Armor: Leather armour    |    44 |    19 |     3 ||    66
       Skin              |       |    28 |       ||    28
Dodge: Dodged            |   126 |    66 |    10 ||   202
Block: Other             |       |    21 |     2 ||    23
       Rpst.: Falchion   |    45 |    26 |     3 ||    74
